 Dungeon Crawl Stone Soup version 0.23.2-33-g5129a83184 (webtiles) character file.

Game seed: 226885576047272490

285 Ebilmort the Magician (level 6, -1/36 HPs)
             Began as an Octopode Wizard on Aug 6, 2019.
             Slain by an ice beast (9 damage)
             ... on level 3 of the Dungeon.
             The game lasted 00:12:37 (2656 turns).

Ebilmort the Magician (Octopode Wizard)             Turns: 2656, Time: 00:12:38

Health: -1/36      AC:  1    Str:  6    XL:     6   Next: 29%
Magic:  1/12       EV: 13    Int: 22    God:
Gold:   127        SH:  0    Dex: 11    Spells: 3/14 levels left

rFire    . . .     SeeInvis .   d - +1 dagger (venom)
rCold    . . .     Gourm    .   (no shield)
rNeg     . . .     Faith    .   a - +0 hat
rPois    .         Spirit   .   (no amulet)
rElec    .         Reflect  .   b - ring of wizardry
rCorr    .         Harm     .   (no ring)
MR       .....                  (no ring)
Stlth    +++.......             (no ring)
HPRegen  0.12/turn              (no ring)
MPRegen  0.13/turn              (no ring)
                                (no ring)
                                (no ring)

@: no status effects
A: almost no armour, stealthy swim, amphibious, 8 rings, constrict 8, camouflage
1, gelatinous body 1
a: no special abilities


You were on level 3 of the Dungeon.
You were not hungry.

You visited 1 branch of the dungeon, and saw 3 of its levels.

You collected 127 gold pieces.

Inventory:

Hand Weapons
 d - a +1 dagger of venom (weapon)
 o - a +0 dagger of flaming
Armour
 a - a +0 hat (worn)
Jewellery
 b - a ring of wizardry (left tentacle)
Scrolls
 e - a scroll of teleportation
 g - a scroll of random uselessness {unknown}
 j - a scroll of enchant armour {unknown}
 l - a scroll of immolation {unknown}
Potions
 f - a potion of brilliance {unknown}
 h - a potion of mutation {unknown}
 i - 2 potions of curing {unknown}
 k - 2 potions of agility
 m - a potion of haste {unknown}
 n - a potion of magic {unknown}
 p - a potion of cancellation {unknown}
 r - a potion of might {unknown}
Comestibles
 c - 5 rations
 q - 3 chunks of flesh


   Skills:
 - Level 2.0 Dodging
 - Level 2.6 Stealth
 + Level 4.5 Spellcasting
 + Level 3.7 Conjurations
 - Level 1.0 Summonings
 - Level 1.0 Translocations
 * Level 2.8 Fire Magic


You had 3 spell levels left.
You knew the following spells:

 Your Spells              Type           Power        Failure   Level  Hunger
a - Magic Dart            Conj           ###.         1%          1    None
b - Blink                 Tloc           N/A          4%          2    #......
c - Call Imp              Summ           #.......     4%          2    #......
d - Conjure Flame         Conj/Fire      ###.....     3%          3    ##.....
e - Mephitic Cloud        Conj/Pois/Air  ##......     8%          3    ##.....

Your spell library contained the following spells:

 Spells                   Type           Power        Failure   Level  Hunger
 Slow                     Hex            #.......     6%          2    #......


Dungeon Overview and Level Annotations

Branches:
Dungeon (3/15)

Altars:
Dithmenos
Ru
Sif Muna


Innate Abilities, Weirdness & Mutations

You cannot wear most types of armour.
You are very stealthy in the water. (Stealth+)
You are amphibious.
You can wear up to eight rings at the same time.
You can use your tentacles to constrict eight enemies at once.
Your skin changes colour to match your surroundings (Stealth+).
Your rubbery body absorbs attacks. (AC +1, EV +1)


Message History

The ice beast hits you. The ice beast freezes you!
You closely miss the ice beast. Your squeeze misses the ice beast.
The ice beast is almost dead.
The ice beast barely misses you.
You hit the ice beast.
The ice beast is almost dead.
The ice beast closely misses you.
You closely miss the ice beast.
The ice beast is almost dead.
The ice beast closely misses you.
You barely miss the ice beast. You squeeze the ice beast.
The ice beast is almost dead.
The ice beast hits you. The ice beast freezes you!
* * * LOW HITPOINT WARNING * * *
You hit the ice beast but do no damage.
The ice beast is almost dead.
The ice beast hits you.
* * * LOW HITPOINT WARNING * * *
The ice beast freezes you!
You die...

###.# ##..######r......#
##...###..# ###.......#
<........## #.........#
........## ##.####.########
........######..####........#
...........Y......##........#
..............##.###........#
.........#######Y###........#
###......## ####@##.........#
..........# #.......).......#
..........###...............#
#.....รท.....................#
.....................########
..........>##..#.###.#
..............##.# #.#
...........#####.# #.#
..........## #.# #.########


You could see an ice beast.

Vanquished Creatures
  A necrophage (D:2)
  A hound (D:2)
  Jessica (D:3)
  Terence (D:3)
  An orc wizard (D:3)
  3 adders
  4 dart slugs
  2 leopard geckos (D:1)
  5 bats
  2 giant cockroaches
  10 goblins
  10 hobgoblins
  A ball python (D:1)
  4 frilled lizards
  8 kobolds
  7 rats
61 creatures vanquished.

Notes
Turn   | Place    | Note
-------+----------+-------------------------------------------
     0 | D:1      | Ebilmort the Octopode Wizard began the quest for the Orb.
     0 | D:1      | Reached XP level 1. HP: 11/11 MP: 4/4
   120 | D:1      | Reached XP level 2. HP: 17/17 MP: 0/6
   600 | D:1      | Reached XP level 3. HP: 20/21 MP: 0/7
  1118 | D:1      | Learned a level 2 spell: Blink
  1121 | D:1      | Learned a level 2 spell: Call Imp
  1125 | D:1      | Learned a level 3 spell: Conjure Flame
  1216 | D:2      | Found a shadowy altar of Dithmenos.
  1441 | D:2      | Reached XP level 4. HP: 25/27 MP: 0/9
  1637 | D:2      | Reached skill level 4 in Spellcasting
  1714 | D:2      | Noticed a necrophage
  1727 | D:2      | Killed a necrophage
  1727 | D:2      | Reached skill level 1 in Fire Magic
  1727 | D:2      | Reached XP level 5. HP: 25/31 MP: 5/11
  2012 | D:2      | Learned a level 3 spell: Mephitic Cloud
  2042 | D:3      | Noticed Jessica
  2047 | D:3      | Killed Jessica
  2210 | D:3      | Found a sacrificial altar of Ru.
  2229 | D:3      | Reached XP level 6. HP: 30/36 MP: 0/12
  2365 | D:3      | Found a deep blue altar of Sif Muna.
  2431 | D:3      | Noticed Terence
  2438 | D:3      | Noticed an ice beast
  2510 | D:3      | Killed Terence
  2656 | D:3      | Slain by an ice beast

Skill      XL: |  1  2  3  4  5 |
---------------+----------------+-----
Conjurations   | 2 3 |  3.7
Spellcasting   | 4 |  4.5
Fire Magic     | 1 2 |  2.8
Dodging        | |  2.0
Stealth        | |  2.6
Summonings     | |  1.0
Translocations | |  1.0

Action                   |  1- 3 |  4- 6 || total
-------------------------+-------+-------++-------
Melee: Unarmed           |     4 |       ||     4
       Constrict         |     3 |     3 ||     6
       Dagger            |     2 |    17 ||    19
       Tentacles         |     1 |     6 ||     7
 Cast: Magic Dart        |    85 |    81 ||   166
       Conjure Flame     |       |     2 ||     2
       Mephitic Cloud    |       |     1 ||     1
  Use: Scroll            |     3 |       ||     3
  Eat: Chunk             |     1 |     4 ||     5
Armor: Skin              |     5 |     2 ||     7
Dodge: Dodged            |     9 |    20 ||    29
